 Dungeon Crawl Stone Soup version 0.31-a0-1227-g0136665373 (webtiles) character file.

Game seed: 1824841516130665838

574583 ragingrage the Skinwalker (level 27, -24/208 HPs)
             Began as a Human Wanderer on Dec 14, 2023.
             Was the Champion of Nemelex Xobeh.
             Killed from afar by an orb of fire (46 damage)
             ... with a bolt of fire
             ... on level 5 of the Realm of Zot.
             The game lasted 02:11:22 (83150 turns).

ragingrage the Skinwalker (Human Wanderer)         Turns: 83150, Time: 02:11:22

Health: -24/208    AC: 46    Str: 19 (22) XL:     27
Magic:  15/34      EV: 10    Int: 14 (18) God:    Nemelex Xobeh [******]
Gold:   7512       SH:  0    Dex: 17      Spells: 16/36 levels left

rFire   + . .        D - +5 glaive of the Guard {elec, spectral}
rCold   + . .        (shield currently unavailable)
rNeg    + + +        E - +9 plate armour "Ofiryr" {Str+4}
rPois   ∞            w - +1 helmet {Int+3}
rElec   .            J - +1 cloak of the Evening {SInv}
rCorr   .            M - +3 pair of gauntlets of War {Slay+5}
SInv    +            d - +2 pair of boots {Stlth+}
Will    +++..        y - amulet of regeneration Stlth
                     V - +4 ring of protection
HPRegen 1.34/turn    o - ring of protection from fire
MPRegen 0.24/turn

%: no passive effects
@: about to teleport, death-form, marked, studying Necromancy
A: vile attack, torment immunity, no potions, weak 1, subdued magic 1
}: 3/15 runes: barnacled, slimy, gossamer
a: Siphon Essence, Begin Untransformation, Renounce Religion, Draw Escape, Draw
Destruction, Draw Summoning, Draw Stack, Triple Draw, Deal Four, Stack Five


You were on level 5 of the Realm of Zot.
You worshipped Nemelex Xobeh.
Nemelex Xobeh was exalted by your worship.
You were an undying horror.
You visited 11 branches of the dungeon, and saw 54 of its levels.
You visited the Abyss 1 time.
You also visited: Sewer, Gauntlet and Volcano.

You collected 10496 gold pieces.
You spent 2984 gold pieces at shops.

Inventory:

Hand Weapons
 D - the +5 glaive of the Guard (weapon) {elec, spectral}
   (You found it on level 12 of the Dungeon)
Missiles
 r - 5 throwing nets
 S - 5 silver javelins
Armour
 d - a +2 pair of boots of stealth (worn)
 w - a +1 helmet of intelligence (worn)
 E - the +9 plate armour "Ofiryr" (worn) {Str+4}
   (You found it on level 10 of the Dungeon)

   Str+4:     It affects your strength (+4).
 J - the +1 cloak of the Evening (worn) {SInv}
   (You acquired it on level 4 of the Shoals)

   SInv:      It lets you see invisible.
 M - the +3 pair of gauntlets of War (worn) {Slay+5}
   (You bought it in a shop on level 7 of the Dungeon)

   Slay+5:    It affects your accuracy & damage with ranged weapons and melee
   (+5).
Jewellery
 o - a ring of protection from fire (right hand)
 y - an amulet of regeneration (around neck)
 C - a ring of resist corrosion
 V - a +4 ring of protection (left hand)
Talismans
 Z - a talisman of death (active)
Wands
 l - a wand of iceblast (45)
 z - a wand of light (46)
 G - a wand of polymorph (17)
 H - a wand of paralysis (34)
 O - a wand of digging (34)
 T - a wand of flame (57)
Scrolls
 f - 11 scrolls of poison
 h - 5 scrolls of revelation
 i - 5 scrolls of vulnerability
 k - 11 scrolls of noise
 q - a scroll of summoning
 t - 13 scrolls of teleportation
 u - 4 scrolls of immolation
 A - 12 scrolls of fear
 K - 2 scrolls of enchant armour
 L - 3 scrolls of torment
 N - 5 scrolls of fog
 Q - 2 scrolls of silence
Potions
 a - 7 potions of ambrosia
 c - 5 potions of berserk rage
 g - 2 potions of attraction
 j - 7 potions of lignification
 m - 8 potions of resistance
 n - 12 potions of curing
 s - 14 potions of haste
 v - 8 potions of might
 x - 7 potions of cancellation
 B - 9 potions of heal wounds
 F - 7 potions of magic
 I - 11 potions of enlightenment
 W - 5 potions of invisibility
Miscellaneous
 b - a phial of floods
 e - a phantom mirror
 p - a condenser vane
 U - a lightning rod (4/4)
 X - a box of beasts (inert)


   Skills:
 + Level 15.5 Fighting
 - Level 1.0 Long Blades
 - Level 6.0(14.1) Axes
 - Level 19.6(20.0) Polearms
 - Level 6.0 Throwing
 + Level 19.4 Armour
 + Level 6.0 Dodging
 - Level 2.0 Stealth
 - Level 5.0 Spellcasting
 - Level 2.0 Conjurations
 - Level 14.0 Translocations
 - Level 9.0 Transmutations
 - Level 9.0 Air Magic
 - Level 2.0 Poison Magic
 - Level 15.0 Invocations
 - Level 12.0 Evocations
 - Level 23.0 Shapeshifting


You had 16 spell levels left.
You knew the following spells:

 Your Spells              Type           Power      Damage    Failure   Level
a - Wereblood             Tmut           22%        N/A       4%          2
b - Swiftness             Air            22%        N/A       9%          3
c - Mephitic Cloud        Conj/Pois/Air  12%        N/A       56%         3
d - Vhi's Electric Charg  Tloc/Air       54%        N/A       11%         4
e - Manifold Assault      Tloc           32%        N/A       3%          4
f - Blink                 Tloc           64%        N/A       1%          2
g - Passwall              Tmut/Erth      10%        N/A       30%         2

Your spell library contained the following spells:

 Spells                   Type           Power      Damage    Failure   Level
 Lesser Beckoning         Tloc           64%        N/A       1%          2
 Gell's Gravitas          Tloc           32%        N/A       1%          3
 Teleport Other           Tloc           32%        N/A       1%          3
 Momentum Strike          Conj/Tloc      38%        3d9       7%          2
 Shock                    Conj/Air       56%        1d6       13%         1
 Sting                    Tmut/Pois      56%        1d5       13%         1
 Poisonous Vapours        Pois/Air       28%        N/A       21%         2
 Static Discharge         Conj/Air       28%        3-5/arc   21%         2
 Volatile Blastmotes      Fire/Tloc      34%        2d12      22%         3
 Airstrike                Air            11%        2d(2-18)  32%         4
 Cigotuvi's Dreadful Rot  Necr/Pois/Air  20%        N/A       41%         2
 Iskenderun's Mystic Bla  Conj/Tloc      19%        2d6       45%         4
 Dispersal                Tloc           16%        N/A       54%         6
 Dimensional Bullseye     Hex/Tloc       8%         N/A       58%         4
 Kiss of Death            Conj/Necr      16%        2d6       65%         1
 Ignite Poison            Fire/Tmut/Pois 10%        N/A       67%         3
 Freeze                   Ice            8%         1d3       80%         1
 Sandblast                Erth           4%         2d4       80%         1
 Summon Small Mammal      Summ           8%         N/A       80%         1
 Ensorcelled Hibernation  Hex/Ice        4%         N/A       90%         2
 Jinxbite                 Hex            4%         N/A       90%         2
 Sublimation of Blood     Necr           2%         N/A       90%         2
 Hailstorm                Conj/Ice       4%         3d5       95%         3
 Stone Arrow              Conj/Erth      8%         3d7       95%         3
 Call Canine Familiar     Summ           2%         N/A       99%         3
 Confusing Touch          Hex            2%         N/A       99%         3
 Frozen Ramparts          Ice            4%         1d1       99%         3
 Inner Flame              Hex/Fire       2%         N/A       99%         3
 Ozocubu's Armour         Ice            2%         N/A       99%         3
 Sigil of Binding         Hex            2%         N/A       99%         3
 Summon Guardian Golem    Hex/Summ       2%         N/A       99%         3
 Tukima's Dance           Hex            2%         N/A       99%         3
 Olgreb's Toxic Radiance  Pois           7%         N/A       99%         4
 Arcjolt                  Conj/Air       7%         1d17      99%         5
 Irradiate                Conj/Tmut      7%         3d14      99%         5
 Yara's Violent Unravell  Hex/Tmut       6%         3d5       99%         5
 Anguish                  Hex/Necr       1%         N/A       100%        4
 Animate Armour           Summ/Erth      4%         N/A       100%        4
 Animate Dead             Necr           2%         N/A       100%        4
 Brom's Barrelling Bould  Conj/Erth      4%         2d3       100%        4
 Dispel Undead            Necr           2%         3d7       100%        4
 Flame Wave               Conj/Fire      4%         2d5       100%        4
 Fulminant Prism          Conj/Hex       2%         3d5       100%        4
 Leda's Liquefaction      Hex/Erth       1%         N/A       100%        4
 Sticky Flame             Conj/Fire      4%         2d3       100%        4
 Summon Ice Beast         Ice/Summ       2%         N/A       100%        4
 Fireball                 Conj/Fire      2%         3d4       100%        5
 Freezing Cloud           Conj/Ice/Air   5%         6-21      100%        5
 Iskenderun's Battlesphe  Conj           7%         2d6       100%        5
 Lee's Rapid Deconstruct  Erth           1%         3d4*      100%        5
 Metabolic Englaciation   Hex/Ice        1%         N/A       100%        5
 Summon Mana Viper        Hex/Summ       2%         N/A       100%        5
 Bombard                  Conj/Erth      2%         9d1       100%        6
 Conjure Ball Lightning   Conj/Air       7%         3x3d6     100%        6
 Plasma Beam              Fire/Air       6%         2x1d16    100%        6
 Simulacrum               Ice/Necr       1%         N/A       100%        6
 Starburst                Conj/Fire      2%         6d3       100%        6
 Enfeeble                 Hex            1%         N/A       100%        7
 Haunt                    Necr/Summ      1%         N/A       100%        7
 Malign Gateway           Summ/Tloc      8%         N/A       100%        7
 Orb of Destruction       Conj           3%         9d5       100%        7
 Ozocubu's Refrigeration  Ice            1%         4d7       100%        7
 Spellforged Servitor     Conj/Summ      2%         N/A       100%        7
 Summon Hydra             Summ           1%         N/A       100%        7
 Borgnjor's Revivificati  Necr           1%         N/A       100%        8
 Infestation              Necr           1%         N/A       100%        8
 Lehudib's Crystal Spear  Conj/Erth      2%         10d2      100%        8
 Maxwell's Capacitive Co  Air            11%        ∞         100%        8
 Summon Horrible Things   Summ           1%         N/A       100%        8
 Death's Door             Necr           1%         N/A       100%        9


Dungeon Overview and Level Annotations

Branches:
Dungeon (15/15)            Temple (0/1) D:5            Lair (5/5) D:10
 Shoals (4/4) Lair:2       Spider (4/4) Lair:3        Slime (5/5) Lair:5
    Orc (2/2) D:9             Elf (3/3) Orc:2        Vaults (4/5) D:13
  Crypt (3/3) Vaults:3       Tomb (0/3) Crypt:3      Depths (4/4) D:15
    Zot (5/5) Depths:4      Sewer (visited)         Volcano (visited)
Gauntlet (visited)

Altars:
Gozag
Kikubaaqudgha
Nemelex Xobeh
Okawaru
Ru
Sif Muna
Vehumet
Xom
Yredelemnul
Zin
Jiyva

Shops:
D:4 :   D:7 [[(?   Orc:1 [   Orc:2 [((?*   Elf:2 =:=   Elf:3 *   Shoals:1 =
Vaults:3 (   Vaults:4 *   Zot:5 *   Depths:4 (*[(

Portals:
Hell: Depths:1 Depths:2 Depths:3 Depths:4
Abyss: Depths:3
Pandemonium: Depths:2
Ziggurat: Depths:3

Annotations:
Lair:3 exclusion: oklob plant
Lair:5 3 exclusions
Shoals:3 Roxanne
Elf:2 5 runed translucent doors
Vaults:5 !


Innate Abilities, Weirdness & Mutations

You are an undying horror.
Your melee and unarmed attacks drain, slow and weaken victims.
You are immune to unholy pain and torment.
You cannot drink.
You are immune to poison.
You are weak. (Str -2)
Your spells are a little easier to cast, but a little less powerful.


Message History

You feel strangely unstable.
You feel the Orb delaying your translocation!
You cannot drink potions in your current state!
Okay, then.
The orb of fire glows yellow.
The bolt of fire hits you!! You resist.
* * * LOW HITPOINT WARNING * * *
Reach: D) +5 glaive of the Guard {elec, spectral}
Press: ? - help, Dir - move target, f - orb of fire
Aim: an orb of fire (blue smoke, about 43% to evade the +5 glaive of the Guard)
You reach to attack!
You miss the orb of fire.
Your +5 glaive of the Guard {elec, spectral} hits the orb of fire but does no damage.
Reach: D) +5 glaive of the Guard {elec, spectral}
Press: ? - help, Dir - move target, f/p - orb of fire
Aim: an orb of fire (blue smoke, about 43% to evade the +5 glaive of the Guard)
You hit the orb of fire but do no damage.
Your +5 glaive of the Guard {elec, spectral} completely misses the orb of fire.
You draw... (choose one card, ? for their descriptions)
a - the Tomb
b - the Cloud
c - the Tomb You have drawn the Tomb.
Walls emerge from the floor!
Your +5 glaive of the Guard {elec, spectral} disappears.
The orb of fire glows red.
The bolt of fire hits the orb of fire.
The orb of fire completely resists.
The bolt of fire hits you!! You resist.
* * * LOW HITPOINT WARNING * * *
The orb of fire glows bright magenta.
Strange energies course through your body.
Your body decomposes!
You feel weakened.
You slash the orb of fire!
Your +5 glaive of the Guard {elec, spectral} barely misses the orb of fire.
You draw a card...
You have drawn the Cloud.
Nothing appears to happen.
Your +5 glaive of the Guard {elec, spectral} disappears.
Your mature batshock beast hits the orb of fire.
The orb of fire glows bright magenta.
The bolt of fire hits you!!! You resist.
You die...
Your body glows with a rainbow of weird colours and disappears.

.....###...##..#..# #...##....
∩...∩#......#..#..######...##....
#...##.........#..#..............
...........#####≈≈#####..........
......^........≈§≈≈........⌠.....
#########......§§§≈.......###....
########§§#######.# #.... #######
#.###.... #§§#z## #...#...⌠
#§§#**# #...#...# ## #§§H§§####
#...#...#
.############§§§§....####.###...#
....§....*...§§§..........# #...#
.#...#X.H####...##...########...#
##..)§.§..H########### #....#
####X§§...# #....# ##........#
#...##


You could see 2 orbs of fire and a friendly mature batshock beast (summoned).

Vanquished Creatures
  the Royal Jelly (Slime:5)
  2 dread liches
  2 ancient liches
  6 orbs of fire
  Boris (Crypt:1)
  A Killer Klown (Zot:5)
  3 caustic shrikes
  3 curse toes
  Nikola (Vaults:1)
  6 golden dragons
  A profane servitor (Crypt:3)
  4 bone dragons
  2 electric golems
  6 liches
  20 tentacled monstrosities
  Jorgrun (Shoals:2)
  17 Orb Guardians (Zot:5)
  4 deep elf blademasters (Elf:3)
  Mlioglotl (Spider:4)
  2 titans
  5 deep elf master archers (Elf:3)
  5 quicksilver dragons
  Asterion (Elf:3)
  5 sphinxes
  4 ancient champions
  A kraken (Shoals:4)
  13 acid blobs
  9 death cobs
  A tentacled starspawn (Abyss:1)
  15 storm dragons
  2 tengu reavers
  11 shadow dragons
  3 revenants
  3 protean progenitors
  Ilsuiw (Shoals:2)
  Kirke (D:13)
  Donald (Spider:4)
  2 azure jellies (Slime:5)
  7 ghost moths
  5 frost giants
  4 deep elf sorcerers
  13 rockslimes
  A draconian knight (Zot:4)
  6 fire giants
  A balrug (Depths:2)
  A draconian scorcher (Zot:5)
  5 emperor scorpions
  3 draconian stormcallers
  5 ghouls
  4 draconian shifters
  Louise (D:15)
  12 vault wardens
  4 deep elf elementalists (Elf:3)
  A curse skull (Crypt:2)
  3 orc warlords
  16 ironbound preservers
  14 very ugly things
  3 broodmothers
  5 spriggan defenders
  A reaper (Crypt:2)
  4 ironbound thunderhulks
  5 green draconians
  11 quicksilver oozes
  A war gargoyle (Vaults:1)
  9 stone giants
  9 black draconians
  6 red draconians
  12 formless jellyfish
  4 vampire knights
  A spectral titan (Crypt:3)
  A bunyip (Elf:3)
  4 deep elf demonologists
  19 dire elephants
  5 deep elf annihilators (Elf:3)
  4 yellow draconians
  17 white draconians
  A minotaur (Gauntlet)
  2 spark wasps
  6 purple draconians
  3 merfolk impalers
  11 ettins
  An acid blob zombie (Crypt:2)
  3 eidola
  2 merfolk javelineers
  A deep elf high priest (Elf:3)
  17 jiangshi
  17 yaktaur captains
  5 deep elf death magi
  5 fire dragons
  A hell beast (Gauntlet)
  3 entropy weavers
  12 vault guards
  2 rakshasas (Depths:1)
  4 spriggan air magi
  A peacekeeper (Vaults:1)
  3 ice dragons
  5 great orbs of eyes
  12 ironbound frosthearts
  5 hydras
  2 radroaches
  12 boulder beetles
  2 jorogumos
  3 merfolk avatars
  2 alligator snapping turtles
  8 centaur warriors
  9 death knights
  3 two-headed ogres
  10 dancing weapons
  5 merfolk aquamancers
  7 tengu warriors
  6 deep troll shamans
  A satyr (Shoals:4)
  7 vampire magi
  A naga warrior (Abyss:1)
  7 orc high priests
  A bennu skeleton (Crypt:1)
  5 deep troll earth magi
  4 spriggan berserkers (Depths:2)
  A storm dragon zombie (Zot:3)
  4 thrashing horrors
  11 demonic crawlers
  10 hell knights
  2 occultists
  A spriggan (Depths:4)
  4 soul eaters (Zot:3)
  3 wretched stars (Abyss:3)
  The ghost of pigah the Mimic, a novice OpSh (D:7)
  A titan skeleton (Depths:3)
  28 skeletal warriors
  A shadow wraith (Crypt:3)
  8 deep elf knights
  5 sixfirhies
  4 sea snakes
  A skyshark (shapeshifter) (D:15)
  6 skysharks
  An anaconda zombie (Crypt:2)
  44 deep trolls
  2 golden dragon zombies (Depths:3)
  2 death drakes (Zot:3)
  5 pharaoh ants
  5 iron trolls
  A storm dragon skeleton (Crypt:2)
  9 deep elf archers
  6 arcanists
  A shadow dragon zombie (Depths:3)
  4 orb spiders
  4 glowing orange brains
  2 bog bodies (Crypt:2)
  A tengu zombie (Depths:3)
  5 steelbarb worms
  7 lindwurms
  6 flayed ghosts
  18 ironbound convokers
  A fenstrider witch simulacrum (Crypt:1)
  A spriggan simulacrum (Crypt:1)
  10 harpies
  19 wolf spiders
  10 necromancers
  7 large abominations
  15 phantasmal warriors
  24 deep elf pyromancers
  24 ugly things
  6 fauns
  24 deep elf zephyrmancers
  A frost giant zombie (Depths:3)
  9 orc knights
  5 orc sorcerers
  4 shining eyes
  2 salamanders (Abyss:1)
  16 manticores
  2 worldbinders (Abyss:1)
  11 cyclopes
  A fire giant skeleton (Depths:2)
  2 human skeletons (Vaults:2)
  An iron dragon skeleton (Depths:3)
  A guardian serpent (Abyss:1)
  An apocalypse crab (Abyss:1)
  2 kobold blastminers (Orc:1)
  8 merfolk sirens
  40 moths of wrath
  4 water nymphs
  2 elephants (Lair:3)
  A torpor snail (shapeshifter) (Vaults:4)
  2 black mambas
  16 vault sentinels
  A titan simulacrum (Depths:2)
  2 stone giant skeletons
  2 orange demons (Abyss:2)
  7 cane toads
  2 eyes of devastation
  An alligator snapping turtle zombie (Crypt:1)
  2 unseen horrors
  2 torpor snails
  Jeremiah (D:7)
  5 gargoyles
  A death yak zombie (Crypt:1)
  5 smoke demons
  45 yaktaurs
  A minotaur zombie (Crypt:1)
  5 komodo dragons
  7 freezing wraiths
  10 tengu conjurers
  4 kobold demonologists
  3 efreet
  2 orb spider zombies (Crypt:1)
  4 rime drakes
  A spectral naga (Crypt:3)
  2 ancient zymes (Abyss:2)
  A merfolk (shapeshifter) (Depths:3)
  10 trolls
  The ghost of ytrimaz the Trooper, an amateur FoFi of Okawaru (D:5)
  23 merfolk
  25 tarantellas
  A hydra skeleton (Crypt:2)
  7 wind drakes
  4 tyrant leeches (Spider:4)
  A moth of wrath zombie (Crypt:1)
  2 polar bears
  2 hornets
  Grinder (D:4)
  9 blink frogs
  4 glass eyes
  A boulder beetle zombie (Crypt:2)
  6 dream sheep
  A harpy skeleton (Crypt:1)
  A raiju (Abyss:3)
  16 jumping spiders
  7 snapping turtles
  58 flying skulls
  An air elemental (Elf:2)
  5 vampires
  17 water elementals
  A centaur simulacrum (D:15)
  89 slime creatures
  2 spriggan skeletons (Depths:2)
  12 wraiths
  2 ettin skeletons (Crypt:1)
  2 humans (D:13)
  6 shadows
  2 ynoxinuls
  23 culicivoras
  A wyvern (Lair:4)
  5 basilisks
  A human (shapeshifter) (Depths:2)
  31 yaks
  5 fire elementals
  3 fire bats (Volcano)
  A golden eye (Abyss:1)
  A golden eye (shapeshifter) (D:13)
  8 vampire mosquitoes
  A neqoxec (Abyss:3)
  3 steam dragons
  An alligator snapping turtle simulacrum (Crypt:1)
  46 redbacks
  An ogre zombie (Vaults:2)
  9 small abominations
  3 wargs
  2 chaos spawn
  A naga (Abyss:1)
  2 harpy simulacra
  2 glowing shapeshifter zombies
  A naga zombie (Crypt:1)
  17 water moccasins
  3 hell hounds
  6 acid dragons
  An ice beast (D:15)
  A black bear (shapeshifter) (D:14)
  34 orc warriors
  3 sky beasts
  3 black bears
  11 centaurs
  An ogre (shapeshifter) (D:14)
  6 ogres
  3 boggarts
  A wolf (Lair:3)
  6 kobold brigands
  6 necrophages
  2 earth elementals (Elf:2)
  A gnoll sergeant (D:12)
  9 bullfrogs
  A brain worm (shapeshifter) (D:12)
  A salamander skeleton (Crypt:2)
  4 scorpions
  2 naga simulacra (Crypt:1)
  8 wights
  A wyvern skeleton (Crypt:1)
  12 killer bees
  A warg skeleton (Crypt:2)
  A shapeshifter skeleton (Crypt:2)
  7 howler monkeys
  A vampire bat (Lair:5)
  11 electric eels
  A crimson imp (Abyss:3)
  6 lava snakes (Volcano)
  A wolf skeleton (Crypt:1)
  4 jellies
  A gnoll bouda (D:8)
  30 orc priests
  3 hounds
  4 iron imps
  A sleepcap (D:5)
  5 iguanas
  Natasha (thrice) (D:3)
  20 orc wizards
  6 hell rats
  A statue (D:3)
  A crocodile skeleton (Crypt:1)
  2 human simulacra (D:11)
  A tengu skeleton (Crypt:2)
  10 gnolls
  2 river rats
  16 adders
  2 shadow imps (D:5)
  9 white imps
  20 ufetubi
  2 worms
  2 dart slugs
  104 orcs
  10 endoplasms
  5 giant cockroaches
  10 goblins
  10 hobgoblins
  A jackal (D:5)
  22 kobolds
  10 ball pythons
  9 bats
  15 frilled lizards
  A frilled lizard skeleton (Crypt:1)
  A hobgoblin skeleton (Crypt:1)
  5 rats
  A spectral goblin (D:1)
  5 aspiring fleshes
  3 tentacles (Shoals:4)
2212 creatures vanquished.

Vanquished Creatures (collateral kills)
  A juggernaut (Depths:4)
  An acid blob (Slime:5)
  2 shadow dragons
  2 emperor scorpions (Spider:4)
  2 ghost moths
  A war gargoyle (Vaults:1)
  A quicksilver ooze (Slime:5)
  A stone giant (D:12)
  2 dire elephants (Vaults:4)
  An entropy weaver (Spider:1)
  A vault guard (Vaults:4)
  A catoblepas (Lair:5)
  2 merfolk avatars
  A satyr (Shoals:3)
  An orc high priest (Orc:2)
  A deep troll earth mage (Depths:2)
  A soul eater (Zot:3)
  A deep elf knight (Elf:1)
  Amaemon (Lair:1)
  A sun moth (Spider:1)
  A sea snake (Shoals:4)
  7 slime creatures
  A deep elf archer (Elf:1)
  3 orb spiders
  A harpy (Shoals:3)
  A steelbarb worm (Spider:4)
  3 fauns (Shoals:3)
  An orc sorcerer (D:12)
  2 wolf spiders (Spider:1)
  2 manticores
  A cyclops (Shoals:4)
  An elephant (Lair:3)
  2 merfolk sirens (Shoals:2)
  An orange demon (Lair:1)
  2 cane toads
  2 rime drakes (Lair:3)
  A komodo dragon (Lair:1)
  A wind drake (Shoals:4)
  A polar bear (Lair:3)
  5 merfolk
  2 tarantellas (Spider:1)
  2 blink frogs (Lair:5)
  2 culicivoras
  3 jumping spiders
  3 small abominations (Lair:5)
  5 yaks (Lair:3)
  A ynoxinul (D:10)
  A vampire mosquito (D:12)
  A basilisk (Lair:1)
  4 redbacks
  A hell hound (Gauntlet)
  An orc warrior (Orc:2)
  3 wolves (Lair:3)
  An electric eel (Spider:4)
  2 ufetubi (D:10)
96 creatures vanquished.

Vanquished Creatures (others)
  Josephina (Crypt:1)
  A deep elf pyromancer (Elf:1)
  A deep elf zephyrmancer (Elf:1)
  2 tarantellas
  A water elemental (Shoals:4)
  2 humans (D:13)
  An orc wizard (D:8)
  73 spectral weapons
  10 tentacles (Shoals:4)
92 creatures vanquished.

Grand Total: 2400 creatures vanquished

Notes
Turn   | Place    | Note
-------+----------+-------------------------------------------
     0 | D:1      | ragingrage the Human Wanderer began the quest for the Orb.
     0 | D:1      | ragingrage set off with the following items: a +0 falchion,
                  | a +0 pair of boots, a potion of berserk rage, a +0 robe;
                  | and the following spell memorised: Shock; and the following
                  | spells available to memorise: Mephitic Cloud, Vhi's
                  | Electric Charge.
     0 | D:1      | Reached XP level 1. HP: 16/16 MP: 3/3
     7 | D:1      | Found a faded altar of an unknown god.
    42 | D:1      | Prayed at the altar of an unknown god.
    42 | D:1      | Became a worshipper of Nemelex Xobeh the Trickster
    42 | D:1      | Reached * piety under Nemelex Xobeh
   152 | D:1      | Reached skill level 1 in Conjurations
   196 | D:1      | Received a gift from Nemelex Xobeh
   272 | D:1      | Reached XP level 2. HP: 22/22 MP: 0/5
   669 | D:2      | Reached XP level 3. HP: 26/27 MP: 2/6
   830 | D:2      | You fall into a shaft and drop 1 floor!
   880 | D:3      | Reached skill level 1 in Stealth
   995 | D:2      | Reached skill level 1 in Axes
   997 | D:2      | Reached XP level 4. HP: 25/34 MP: 2/7
  1287 | D:2      | Reached ** piety under Nemelex Xobeh
  1731 | D:2      | Received a gift from Nemelex Xobeh
  2418 | D:3      | Reached XP level 5. HP: 38/41 MP: 0/8
  2428 | D:3      | Noticed Natasha
  2492 | D:3      | Killed Natasha
  2742 | D:3      | Found a radiant altar of Vehumet.
  2743 | D:3      | Noticed a charred statue
  2750 | D:3      | Reached XP level 6. HP: 44/47 MP: 5/9
  2782 | D:3      | Noticed Natasha
  2798 | D:3      | Killed Natasha
  2847 | D:3      | Noticed Natasha
  3201 | D:4      | Found a glowing drain.
  3371 | Sewer    | Entered a sewer
  3661 | Sewer    | Reached skill level 1 in Invocations
  3869 | Sewer    | Found a viscous altar of Jiyva.
  3912 | Sewer    | Reached XP level 7. HP: 54/54 MP: 7/10
  4045 | D:4      | Noticed Grinder
  4188 | D:4      | Killed Grinder
  4189 | D:4      | Found Isyser's Book Emporium.
  4280 | D:4      | Reached skill level 5 in Invocations
  4294 | D:4      | Reached XP level 8. HP: 40/60 MP: 6/11
  4578 | D:4      | Reached *** piety under Nemelex Xobeh
  4749 | D:5      | Entered Level 5 of the Dungeon
  4883 | D:5      | Received a gift from Nemelex Xobeh
  4944 | D:5      | Found a basalt altar of Yredelemnul.
  5101 | D:5      | Found a staircase to the Ecumenical Temple.
  5165 | D:5      | Reached skill level 5 in Axes
  5393 | D:5      | Found a transporter.
  5395 | D:5      | Found a transporter.
  5402 | D:5      | Noticed ytrimaz's ghost (amateur FoFi)
  5810 | D:6      | Reached **** piety under Nemelex Xobeh
  6037 | D:6      | Learned a level 2 spell: Wereblood
  6041 | D:6      | Learned a level 3 spell: Mephitic Cloud
  6074 | D:6      | Reached XP level 9. HP: 52/67 MP: 9/12
  6151 | D:6      | Reached skill level 1 in Poison Magic
  6183 | D:6      | Reached skill level 5 in Fighting
  6726 | D:7      | Noticed a +0 whip of chaos
  6726 | D:7      | Noticed pigah's ghost (novice OpSh)
  6726 | D:7      | Found a runed translucent door.
  6726 | D:7      | Found a shimmering altar of Xom.
  6726 | D:7      | Found Bemad's Weapon Emporium.
  6736 | D:6      | Reached skill level 5 in Air Magic
  6958 | D:7      | Noticed Jeremiah
  7549 | D:7      | Received a gift from Nemelex Xobeh
  7786 | D:7      | Killed Jeremiah
  7944 | D:7      | Found Weoniu's Armour Boutique.
  8193 | D:7      | Reached skill level 1 in Polearms
  8220 | D:6      | Reached XP level 10. HP: 61/72 MP: 12/15
  8469 | D:7      | Found Toide's Antique Armour Shop.
  8472 | D:7      | Bought a pair of embroidered boots for 210 gold pieces
  8538 | D:7      | Found Udghapto's Magic Scroll Boutique.
  9102 | D:8      | Received a gift from Nemelex Xobeh
  9153 | D:8      | Noticed a two-headed ogre
  9165 | D:8      | Killed a two-headed ogre
  9407 | D:8      | Noticed a boulder beetle
 10008 | D:8      | Killed a boulder beetle
 10344 | D:9      | Noticed a two-headed ogre
 10438 | D:9      | Found a staircase to the Orcish Mines.
 10539 | D:9      | Reached skill level 5 in Polearms
 10547 | D:9      | Reached XP level 11. HP: 79/84 MP: 13/17
 10627 | D:9      | Killed a two-headed ogre
 10628 | D:9      | Found an iron altar of Okawaru.
 10650 | D:9      | Learned a level 4 spell: Vhi's Electric Charge
 10655 | D:9      | Learned a level 4 spell: Manifold Assault
 10828 | D:9      | Reached skill level 1 in Translocations
 10871 | D:9      | Reached ***** piety under Nemelex Xobeh
 10875 | D:9      | Received a gift from Nemelex Xobeh
 11322 | D:10     | Entered Level 10 of the Dungeon
 11414 | D:10     | Found a staircase to the Lair.
 11428 | D:10     | Noticed a two-headed ogre
 11439 | D:10     | Killed a two-headed ogre
 11440 | D:10     | Reached skill level 1 in Armour
 11528 | D:10     | Received a gift from Nemelex Xobeh
 11528 | D:10     | Noticed a manticore
 11541 | D:10     | Killed a manticore
 11635 | D:10     | Identified the +9 plate armour "Ofiryr" {Str+4}
 11984 | D:10     | Noticed a sun demon
 12486 | D:10     | Reached skill level 5 in Armour
 12713 | D:11     | Noticed a boulder beetle
 12726 | D:11     | Killed a boulder beetle
 12737 | D:11     | Reached XP level 12. HP: 87/91 MP: 16/18
 12813 | Lair:1   | Entered Level 1 of the Lair of Beasts
 12813 | Lair:1   | Received a gift from Nemelex Xobeh
 12855 | Lair:1   | Noticed Amaemon
 12864 | Lair:1   | Killed Amaemon
 13054 | Lair:1   | Noticed Maggie
 13056 | Lair:1   | Maggie changed into Maggie the acid dragon
 13056 | Lair:1   | Noticed Maggie
 13063 | Lair:1   | Killed Maggie the acid dragon
 13132 | Lair:1   | You fall into a shaft and drop 1 floor!
 13366 | Lair:1   | Received a gift from Nemelex Xobeh
 14468 | Lair:2   | Received a gift from Nemelex Xobeh
 14518 | Lair:2   | Noticed a six-headed hydra
 14531 | Lair:2   | Killed a one-headed hydra
 14575 | Lair:2   | Found a staircase to the Shoals.
 14746 | Lair:2   | Reached skill level 10 in Armour
 14751 | Lair:2   | Identified the -1 tower shield of the Equator {Int+2}
 14894 | Lair:2   | Received a gift from Nemelex Xobeh
 15440 | Lair:3   | Noticed a skyshark
 15449 | Lair:3   | Killed a skyshark
 15468 | Lair:3   | Reached XP level 13. HP: 61/96 MP: 14/19
 15517 | Lair:3   | Reached skill level 10 in Polearms
 15692 | Lair:3   | Reached ****** piety under Nemelex Xobeh
 15711 | Lair:3   | Found a gate leading to a gauntlet.
 15718 | Lair:3   | Received a gift from Nemelex Xobeh
 15724 | Gauntlet | Entered a Gauntlet
 15724 | Gauntlet | Found a transporter.
 15724 | Gauntlet | Found a transporter.
 15724 | Gauntlet | Found a runed translucent door.
 15736 | Gauntlet | Found a transporter.
 15737 | Gauntlet | Found a transporter.
 15744 | Gauntlet | Found a transporter.
 15748 | Gauntlet | Found a transporter.
 15753 | Gauntlet | Noticed a hell beast
 15756 | Gauntlet | Found a transporter.
 15769 | Gauntlet | Noticed a blizzard demon
 15771 | Gauntlet | Found a transporter.
 15776 | Gauntlet | Found a runed translucent door.
 15790 | Gauntlet | Found a transporter.
 15791 | Gauntlet | Found a transporter.
 15802 | Gauntlet | Found a transporter.
 15803 | Gauntlet | Found a transporter.
 15807 | Gauntlet | Found a runed translucent door.
 16063 | Gauntlet | Identified the ring "Qabu" {*Slow Str+6 Int+8}
 16105 | Gauntlet | Killed a hell beast
 16118 | Gauntlet | Identified the +2 cloak of the Bagpipe {rN++ Will+ Stlth+}
 16120 | Gauntlet | Identified the +2 cloak "Esozoups" {Int+3}
 16186 | Gauntlet | Identified the +2 broad axe of Res Ipsa Loquitur {freeze,
                  | Will+ Int+5 Dex-3 Stlth+}
 16186 | Gauntlet | Noticed a minotaur
 16190 | Gauntlet | Killed a minotaur
 16571 | Lair:3   | Found a hole to the Spider Nest.
 16659 | Lair:3   | Received a gift from Nemelex Xobeh
 17205 | Orc:1    | Entered Level 1 of the Orcish Mines
 17354 | Orc:1    | Received a gift from Nemelex Xobeh
 17363 | Orc:1    | Found Josi's Armour Boutique.
 17430 | D:7      | Bought the +3 pair of gauntlets of War {Slay+5} for 665
                  | gold pieces
 17430 | D:7      | Found the +3 pair of gauntlets of War {Slay+5}
 17723 | Orc:2    | Entered Level 2 of the Orcish Mines
 18081 | Orc:2    | Found a staircase to the Elven Halls.
 18107 | Orc:1    | Noticed an orc warlord
 18116 | Orc:1    | Killed an orc warlord
 18117 | Orc:1    | Reached skill level 5 in Translocations
 18409 | Orc:2    | Received a gift from Nemelex Xobeh
 18821 | Orc:2    | Reached XP level 14. HP: 87/103 MP: 17/20
 19417 | Orc:2    | Found Folof's General Store.
 19745 | Orc:2    | Reached skill level 1 in Transmutations
 20042 | Orc:2    | Found Ciwn's Magic Scroll Emporium.
 20042 | Orc:2    | Found Tane's Antique Weapon Emporium.
 20043 | Orc:2    | Found Hoimic's Weapon Shoppe.
 20043 | Orc:2    | Found Xorchom's Armour Emporium.
 20668 | Lair:4   | Received a gift from Nemelex Xobeh
 21171 | Lair:5   | Entered Level 5 of the Lair of Beasts
 21293 | Lair:5   | Reached skill level 5 in Transmutations
 21298 | Lair:5   | Found a viscous altar of Jiyva.
 21304 | Lair:5   | Found a staircase to the Slime Pits.
 21488 | Lair:5   | Received a gift from Nemelex Xobeh
 21629 | Lair:5   | Found a dark tunnel.
 21716 | Volcano  | Entered a volcano
 21856 | Volcano  | Reached XP level 15. HP: 104/109 MP: 18/21
 21888 | Volcano  | Found a burning altar of Makhleb.
 22084 | Lair:5   | Received a gift from Nemelex Xobeh
 23130 | D:11     | Received a gift from Nemelex Xobeh
 23633 | D:11     | Received a gift from Nemelex Xobeh
 23906 | D:12     | Identified the +3 dagger of Fragile Peace {vamp, rCorr MP+9
                  | Str+2}
 23956 | D:11     | Identified the -2 hand axe "Efoaluomai" {speed, rC+ Str+7}
 24134 | D:11     | Reached skill level 5 in Evocations
 24541 | D:12     | Noticed a shadow dragon
 24541 | D:12     | Noticed a storm dragon
 24552 | D:12     | Reached skill level 10 in Invocations
 24555 | D:12     | Identified the -1 hand axe "Zeit" {freeze, rElec rC+++ rN++
                  | Will- Str-2}
 24839 | D:12     | Noticed a stone giant
 24850 | D:12     | Killed a stone giant
 24865 | D:12     | Killed a shadow dragon
 24928 | D:12     | Killed a storm dragon
 24929 | D:12     | Reached skill level 10 in Fighting
 25162 | D:12     | Found the +5 glaive of the Guard {elec, spectral}
 25827 | D:13     | Noticed Kirke
 25833 | D:13     | Killed Kirke
 25875 | D:13     | Received a gift from Nemelex Xobeh
 25918 | D:13     | Noticed Nessos
 25921 | D:13     | Nessos changed into Nessos the yaktaur
 25921 | D:13     | Noticed Nessos
 25926 | D:13     | Killed Nessos the yaktaur
 26810 | D:14     | Received a gift from Nemelex Xobeh
 26821 | D:14     | Reached XP level 16. HP: 122/122 MP: 23/23
 26871 | D:14     | Reached skill level 15 in Polearms
 27471 | D:14     | Received a gift from Nemelex Xobeh
 27804 | D:14     | Identified the +1 arbalest of Corruption {speed, Str+3}
 27921 | D:15     | Entered Level 15 of the Dungeon
 27986 | D:15     | Identified the +2 long sword "Ceral" {protect, ^Drain Fly
                  | rPois rC+}
 28321 | D:15     | Found an opulent altar of Gozag.
 28373 | D:15     | Received a gift from Nemelex Xobeh
 28378 | D:15     | Noticed Louise
 28388 | D:15     | Killed Louise
 28486 | D:15     | Found a staircase to the Depths.
 29056 | Spider:1 | Entered Level 1 of the Spider Nest
 29274 | Shoals:1 | Entered Level 1 of the Shoals
 29536 | Shoals:1 | Received a gift from Nemelex Xobeh
 29855 | Shoals:1 | Found Qean's Jewellery Emporium.
 29887 | Shoals:1 | Received a gift from Nemelex Xobeh
 30206 | Shoals:1 | Reached XP level 17. HP: 125/128 MP: 24/24
 30452 | Shoals:2 | Noticed Ilsuiw
 31158 | Shoals:2 | Noticed Jorgrun
 31170 | Shoals:2 | Killed Jorgrun
 31267 | Shoals:2 | Received a gift from Nemelex Xobeh
 31332 | Shoals:2 | Identified a scroll of acquirement
 31416 | Shoals:2 | Killed Ilsuiw
 31418 | Shoals:2 | Acquired 1118 gold pieces
 31603 | D:7      | Bought a scroll of blinking for 112 gold pieces
 31603 | D:7      | Bought a scroll of enchant armour for 112 gold pieces
 31603 | D:7      | Bought a scroll of revelation for 112 gold pieces
 31603 | D:7      | Bought a scroll of fear for 60 gold pieces
 31603 | D:7      | Bought a scroll of fear for 60 gold pieces
 31650 | D:7      | Killed pigah's ghost
 31733 | D:3      | Killed Natasha
 31899 | D:5      | Killed ytrimaz's ghost
 32373 | Shoals:3 | Noticed Roxanne
 32534 | Shoals:3 | Received a gift from Nemelex Xobeh
 32898 | Shoals:4 | Entered Level 4 of the Shoals
 32916 | Shoals:4 | Received a gift from Nemelex Xobeh
 33102 | Shoals:4 | Identified the +7 glaive of Arrival {flame, Int+3}
 33163 | Shoals:4 | Received a gift from Nemelex Xobeh
 33545 | Shoals:4 | Reached XP level 18. HP: 109/138 MP: 26/26
 33961 | Shoals:4 | Noticed a kraken
 34101 | Shoals:4 | Killed a kraken
 34110 | Shoals:4 | Got a barnacled rune of Zot
 34545 | Spider:1 | Received a gift from Nemelex Xobeh
 34798 | Spider:1 | Received a gift from Nemelex Xobeh
 35114 | Spider:2 | Identified the blade talisman of Damp Wonder {rC+ Will-
                  | Str+3}
 35257 | Spider:2 | Received a gift from Nemelex Xobeh
 35670 | Spider:2 | Identified the ring "Ylaghab" {Fire Int+7}
 36498 | Shoals:1 | Bought a ring of see invisible for 150 gold pieces
 36785 | Spider:3 | Received a gift from Nemelex Xobeh
 37308 | Spider:4 | Entered Level 4 of the Spider Nest
 37468 | Spider:4 | Reached XP level 19. HP: 130/147 MP: 28/28
 37732 | Spider:4 | Noticed Mlioglotl
 37744 | Spider:4 | Killed Mlioglotl
 37769 | Spider:4 | Received a gift from Nemelex Xobeh
 38067 | Spider:4 | Noticed Donald
 38072 | Spider:4 | Killed Donald
 38473 | Spider:4 | Reached skill level 15 in Armour
 38653 | Spider:4 | Identified the scarf "Ziahanka" {+Inv, Slay+5}
 38796 | Spider:4 | Got a gossamer rune of Zot
 39527 | Elf:1    | Entered Level 1 of the Elven Halls
 39922 | D:13     | Found a gate to the Vaults.
 40011 | Vaults:1 | Entered Level 1 of the Vaults
 40130 | Vaults:1 | Received a gift from Nemelex Xobeh
 40279 | Vaults:1 | Reached XP level 20. HP: 122/159 MP: 27/30
 41138 | Vaults:1 | Received a gift from Nemelex Xobeh
 41217 | Vaults:1 | Noticed Nikola
 41219 | Vaults:1 | Reached skill level 15 in Invocations
 41232 | Vaults:1 | Killed Nikola
 41666 | Vaults:2 | Received a gift from Nemelex Xobeh
 41697 | Vaults:2 | Reached skill level 15 in Fighting
 42352 | Vaults:2 | Received a gift from Nemelex Xobeh
 42704 | Vaults:3 | Reached XP level 21. HP: 154/168 MP: 32/32
 42715 | Vaults:3 | Reached skill level 10 in Translocations
 43169 | Vaults:3 | Received a gift from Nemelex Xobeh
 43561 | Vaults:3 | Learned a level 3 spell: Swiftness
 43564 | Vaults:3 | Learned a level 2 spell: Blink
 43693 | Vaults:3 | Found a staircase to the Crypt.
 43730 | Vaults:3 | Found the +8 longbow "Zephyr" {speed, Dex+3 SInv}
 43736 | Vaults:3 | Identified the +5 arbalest of the Iron City of Dis {penet,
                  | rElec rCorr Str-4 Dex+3}
 43740 | Vaults:3 | Identified the +7 arbalest of Qaalac {freeze, Dex+4}
 43759 | Vaults:3 | Received a gift from Nemelex Xobeh
 43916 | Vaults:3 | Paralysed by a formless jellyfish for 1 turns
 43976 | Vaults:3 | Found Usazeof's Weapon Shop.
 44143 | Vaults:4 | Found Odu Wicw's General Store.
 44151 | Vaults:4 | Bought a potion of heal wounds for 65 gold pieces
 44482 | Vaults:4 | Identified the ring "Socaby Nueh" {Ice Dex+6}
 44631 | Vaults:4 | Reached XP level 22. HP: 134/175 MP: 33/33
 44782 | Vaults:4 | Received a gift from Nemelex Xobeh
 45002 | Vaults:4 | Identified the +2 cloak "Pagush" {rPois Str+2}
 45074 | Vaults:4 | Acquired 897 gold pieces
 45214 | Vaults:1 | Acquired 952 gold pieces
 45526 | Shoals:4 | Acquired the +1 cloak of the Evening {SInv}
 46593 | Elf:1    | Reached skill level 5 in Spellcasting
 47275 | Elf:1    | Identified the +8 long sword "Guclao" {antimagic, ^Fragile
                  | Fly rElec rC+}
 47313 | Elf:1    | Received a gift from Nemelex Xobeh
 47484 | Elf:1    | Identified the +1 sling of Extremism {heavy, rElec Will+
                  | rCorr Str+3}
 47665 | Elf:1    | Reached skill level 10 in Evocations
 48241 | Elf:2    | Received a gift from Nemelex Xobeh
 48266 | Elf:2    | Paralysed by an air elemental for 1 turns
 48671 | Elf:2    | Found a huge runed translucent gate.
 48671 | Elf:2    | Found a huge runed translucent gate.
 48671 | Elf:2    | Found a huge runed translucent gate.
 48671 | Elf:2    | Found a huge runed translucent gate.
 48671 | Elf:2    | Found a huge runed translucent gate.
 48790 | Elf:2    | Found Etij's Book Shop.
 48791 | Elf:2    | Found Yrraris's Jewellery Shoppe.
 48791 | Elf:2    | Found Pokeac's Jewellery Shoppe.
 48801 | Elf:2    | Bought a talisman of death for 960 gold pieces
 48901 | Elf:3    | Entered Level 3 of the Elven Halls
 48901 | Elf:3    | Found Nemmetop's General Store.
 48925 | Elf:3    | Bought a potion of haste for 160 gold pieces
 48925 | Elf:3    | Bought a potion of heal wounds for 80 gold pieces
 48925 | Elf:3    | Bought a scroll of fear for 64 gold pieces
 49013 | Elf:3    | Received a gift from Nemelex Xobeh
 49020 | Elf:3    | Identified the +8 falchion "Banycrie" {venom, Dex+2}
 49044 | Elf:3    | Noticed Asterion
 49054 | Elf:3    | Killed Asterion
 49111 | Elf:3    | Found a radiant altar of Vehumet.
 49129 | Elf:3    | Identified the +1 ring mail of a bailey {Harm rElec rC+}
 50199 | Elf:3    | Identified the +3 trident "Voyceas" {drain, +Blink rElec}
 51484 | Elf:3    | Reached XP level 23. HP: 102/181 MP: 34/34
 51893 | Elf:3    | Got the Encyclopedia of the Pneumatic Boggart
 51894 | Elf:3    | Identified the staff of Gukal {rPois Dex+4 Poison}
 51910 | Elf:3    | Identified the staff of the Shouting Scavenger {rElec rN+
                  | Dex+2 Air}
 51941 | Elf:3    | Identified the +2 short sword of the Imbibing Hawk
                  | {antimagic, rPois Will+ Stlth-}
 51957 | Elf:3    | Identified the +8 chain mail of Zofon {Rampage *Corrode
                  | rPois Will+}
 52242 | Depths:1 | Entered Level 1 of the Depths
 52265 | Depths:1 | Received a gift from Nemelex Xobeh
 52266 | Depths:1 | Found a gateway to Hell.
 52658 | Depths:1 | Received a gift from Nemelex Xobeh
 53239 | Depths:1 | Received a gift from Nemelex Xobeh
 53239 | Depths:1 | Found a shimmering blue altar of Sif Muna.
 53410 | Depths:2 | Reached skill level 1 in Shapeshifting
 53463 | Depths:2 | Reached skill level 2 in Shapeshifting
 53574 | Depths:2 | Found a glowing silver altar of Zin.
 53648 | Depths:2 | Reached skill level 3 in Shapeshifting
 53660 | Depths:2 | Reached skill level 4 in Shapeshifting
 53684 | Depths:2 | Reached skill level 5 in Shapeshifting
 53810 | Depths:2 | Reached skill level 6 in Shapeshifting
 54086 | Depths:2 | Reached skill level 7 in Shapeshifting
 54239 | Depths:2 | Found a one-way gate leading to the halls of Pandemonium.
 54413 | Depths:2 | Received a gift from Nemelex Xobeh
 54619 | Depths:3 | Reached skill level 8 in Shapeshifting
 54707 | Depths:3 | Found a one-way gateway to a ziggurat.
 54766 | Depths:3 | Found a one-way gate to the infinite horrors of the Abyss.
 55159 | Depths:3 | Reached skill level 9 in Shapeshifting
 55212 | Depths:3 | Reached XP level 24. HP: 173/188 MP: 33/34
 55244 | Depths:3 | Received a gift from Nemelex Xobeh
 55263 | Depths:3 | Reached skill level 10 in Shapeshifting
 55445 | Depths:3 | Identified the maw talisman of Atheism {Str+6 Int+4}
 55446 | Depths:3 | Identified the amulet of Usoy {Spirit *Slow rC+ Will+}
 55640 | Depths:4 | Entered Level 4 of the Depths
 55681 | Depths:4 | Found a sacrificial altar of Ru.
 55860 | Depths:4 | Noticed a juggernaut
 55863 | Depths:4 | Noticed a caustic shrike
 55866 | Depths:4 | Noticed a caustic shrike
 55867 | Depths:4 | Noticed a caustic shrike
 55871 | Depths:4 | Killed a juggernaut
 56470 | Depths:3 | Killed a caustic shrike
 56486 | Depths:3 | Killed a caustic shrike
 56487 | Depths:3 | Reached skill level 11 in Shapeshifting
 56615 | Depths:3 | Found a one-way gateway to a ziggurat.
 56777 | Depths:3 | Found a one-way gate to the infinite horrors of the Abyss.
 57049 | Depths:4 | Received a gift from Nemelex Xobeh
 57523 | Depths:4 | Killed a caustic shrike
 57773 | Depths:4 | Found Togo's Armour Shoppe.
 57775 | Depths:4 | Found Asoum's Antique Weapon Shoppe.
 57775 | Depths:4 | Found Visy's Weapon Emporium.
 57780 | Depths:4 | Found Toxzi's Assorted Antiques.
 57786 | Depths:4 | Bought a scroll of teleportation for 126 gold pieces
 57789 | Depths:4 | Bought a throwing net for 48 gold pieces
 57813 | Depths:4 | Noticed a golden dragon
 57825 | Depths:4 | Killed a golden dragon
 58043 | Depths:4 | Reached skill level 12 in Shapeshifting
 59031 | Depths:4 | Received a gift from Nemelex Xobeh
 59146 | Depths:4 | Found a gate to the Realm of Zot.
 59444 | Depths:4 | Received a gift from Nemelex Xobeh
 60450 | Slime:1  | Entered Level 1 of the Pits of Slime
 60456 | Slime:1  | Reached skill level 1 in Throwing
 60876 | Slime:3  | Paralysed by a formless jellyfish for 1 turns
 60880 | Slime:2  | Paralysed by a formless jellyfish for 1 turns
 61140 | Slime:3  | Received a gift from Nemelex Xobeh
 61175 | Slime:3  | Reached skill level 5 in Throwing
 61480 | Slime:5  | Entered Level 5 of the Pits of Slime
 61598 | Slime:5  | Gained mutation: You are frail. (-10% HP) [a shining eye]
 61701 | Slime:5  | Noticed the Royal Jelly
 61717 | Slime:5  | Killed the Royal Jelly
 61736 | Slime:5  | Reached XP level 25. HP: 91/174 MP: 14/34
 61839 | Slime:5  | Received a gift from Nemelex Xobeh
 62310 | Slime:5  | Identified the +7 flail of Ravage {flame, rN++ Str-5 Dex+4}
 62631 | Slime:5  | Got a slimy rune of Zot
 62662 | Slime:5  | Got the Reference Book on Conduction and Burning
 62685 | Slime:5  | Received a gift from Nemelex Xobeh
 62729 | Slime:5  | Identified the +3 leather armour of the Guilds {rF- rC+
                  | Dex+6 Stlth-}
 63638 | Zot:1    | Entered Level 1 of the Realm of Zot
 63962 | Zot:1    | Received a gift from Nemelex Xobeh
 63967 | Zot:1    | Reached skill level 13 in Shapeshifting
 65156 | Zot:1    | Received a gift from Nemelex Xobeh
 65329 | Zot:1    | Reached skill level 14 in Shapeshifting
 66001 | Zot:2    | Received a gift from Nemelex Xobeh
 66736 | Zot:2    | Reached skill level 15 in Shapeshifting
 68094 | Zot:3    | Reached XP level 26. HP: 161/180 MP: 31/34
 68192 | Zot:3    | Noticed a dread lich
 68199 | Zot:3    | Reached skill level 16 in Shapeshifting
 68204 | Zot:3    | Killed a dread lich
 68804 | Zot:3    | Noticed a curse toe
 68809 | Zot:3    | Killed a curse toe
 68852 | Zot:3    | Noticed a curse toe
 68860 | Zot:3    | Killed a curse toe
 69197 | Zot:3    | Received a gift from Nemelex Xobeh
 69365 | Zot:3    | Reached skill level 17 in Shapeshifting
 69997 | Zot:4    | HP: 3/180 [lindwurm/blast of flame[a white draconian
                  | stormcaller] (26)]
 70590 | Zot:4    | Lost mutation: You are frail. (-10% HP) [potion of
                  | mutation]
 70590 | Zot:4    | Gained mutation: You are weak. (Str -2) [potion of
                  | mutation]
 71191 | Zot:4    | Noticed an orb of fire
 71205 | Zot:4    | Gained mutation: Your spells are a little easier to cast,
                  | but a little less powerful. [an orb of fire]
 71206 | Zot:4    | Killed an orb of fire
 71461 | Zot:4    | Reached skill level 18 in Shapeshifting
 71773 | Zot:5    | Entered Level 5 of the Realm of Zot
 71816 | Zot:5    | Received a gift from Nemelex Xobeh
 72001 | Depths:3 | Voluntarily entered the Abyss.
 72026 | Abyss:1  | Found a bloodstained altar of Trog.
 72045 | Abyss:1  | Found a corrupted altar of Lugonu.
 72119 | Abyss:1  | Found an opulent altar of Gozag.
 72233 | Abyss:2  | Found a corrupted altar of Lugonu.
 72236 | Abyss:2  | Found a corrupted altar of Lugonu.
 72248 | Abyss:2  | Found a huge runed translucent gate.
 72249 | Abyss:2  | Found a huge runed translucent gate.
 72251 | Abyss:2  | Found a huge runed translucent gate.
 72252 | Abyss:2  | Found a corrupted altar of Lugonu.
 72252 | Abyss:2  | Found a huge runed translucent gate.
 72254 | Abyss:2  | Found a huge runed translucent gate.
 72259 | Abyss:2  | Received a gift from Nemelex Xobeh
 72371 | Abyss:2  | Received a gift from Nemelex Xobeh
 72517 | Abyss:2  | Found a corrupted altar of Lugonu.
 72721 | Depths:3 | Escaped the Abyss
 73028 | Crypt:1  | Entered Level 1 of the Crypt
 73036 | Crypt:1  | Reached skill level 19 in Shapeshifting
 73100 | Crypt:1  | Noticed Boris
 73116 | Crypt:1  | Killed Boris
 73493 | Crypt:1  | Identified the ring of the Sunfish {Ice ^Contam Will+++
                  | Str-2 Int+4}
 73493 | Crypt:1  | Noticed Josephina
 73509 | Crypt:1  | Received a gift from Nemelex Xobeh
 73540 | Crypt:1  | Killed Josephina
 73546 | Crypt:1  | Reached XP level 27. HP: 111/207 MP: 34/34
 74429 | Crypt:2  | Received a gift from Nemelex Xobeh
 74573 | Crypt:2  | Reached skill level 20 in Shapeshifting
 75624 | Crypt:3  | Entered Level 3 of the Crypt
 76322 | Crypt:3  | Found an ancient bone altar of Kikubaaqudgha.
 76393 | Crypt:3  | Reached skill level 21 in Shapeshifting
 76918 | Crypt:3  | Received a gift from Nemelex Xobeh
 77334 | Crypt:3  | Found a staircase to the Tomb.
 77334 | Crypt:3  | Noticed an ancient lich
 77344 | Crypt:3  | Killed an ancient lich
 77446 | Crypt:3  | Identified the +6 battleaxe of the Water Diviner {flame,
                  | Fly rPois Will- Dex+7}
 77654 | Crypt:3  | Found the +5 scythe "Finisher" {speed, execute}
 77850 | Crypt:3  | Identified the ring of Opoyzaut {rElec rPois rN+ Str-4
                  | Slay+2}
 77850 | Crypt:3  | Identified the ring of Peitau {rN+ Will+++ Int-2 Dex-5
                  | SInv}
 77850 | Crypt:3  | Identified the ring of Gaclome {rC+ rN+ Stlth+}
 77852 | Crypt:3  | Identified the +0 leather armour of Aduasar {rElec Int+3
                  | Dex+4 SInv}
 78364 | Zot:4    | Learned a level 2 spell: Passwall
 78413 | Zot:5    | Found Ageva's CLEARANCE SALE!.
 78418 | Zot:5    | Reached skill level 22 in Shapeshifting
 78431 | Zot:5    | Received a gift from Nemelex Xobeh
 80101 | Zot:5    | Found Ageva's CLEARANCE SALE!.
 80648 | Zot:5    | Noticed an orb of fire
 80654 | Zot:5    | Noticed an orb of fire
 80823 | Zot:5    | Killed an orb of fire
 81040 | Zot:5    | Killed an orb of fire
 81351 | Zot:5    | Noticed an orb of fire
 81354 | Zot:5    | Noticed an orb of fire
 81354 | Zot:5    | Noticed a dread lich
 81513 | Zot:5    | Killed an orb of fire
 81522 | Zot:5    | Noticed an ancient lich
 81534 | Zot:5    | Killed an ancient lich
 81699 | Zot:5    | Killed a dread lich
 81700 | Zot:5    | Reached skill level 23 in Shapeshifting
 81902 | Zot:5    | Noticed an orb of fire
 81915 | Zot:5    | Killed an orb of fire
 82134 | Zot:5    | Noticed an orb of fire
 82558 | Zot:5    | Noticed an orb of fire
 82570 | Zot:5    | Killed an orb of fire
 82571 | Zot:5    | Reached skill level 5 in Dodging
 82749 | Zot:5    | Noticed a Killer Klown
 82781 | Zot:5    | Killed a Killer Klown
 83121 | Zot:5    | Noticed an orb of fire
 83135 | Zot:5    | Noticed an orb of fire
 83150 | Zot:5    | Killed from afar by an orb of fire

Illustrated notes

Levels and vault maps discovered:
D:1:      saegor_arrival_miasma, layout_rooms,
          dreamdust_ecumenical_altar_drowned_temple
D:2:      layout_basic, kennysheep_path_1
D:3:      layout_rooms, vehumet_statue, uniq_natasha
D:4:      layout_cave_pools, serial_shops, shop, cheibrodos_sewer_entry_sluice,
          uniq_grinder
D:5:      layout_basic, mainiacjoe_overflow_six_doors_small,
          minmay_temple_entry_mini_moons, gammafunk_ghost_hive
D:6:      layout_basic, st_stairs_3
D:7:      layout_basic, serial_shops, shop, nicolae_stop_n_shop_1,
          nicolae_shop_tiny_glass, nicolae_shop_behind_doors, ebering_ghost_xom,
          uniq_jeremiah
D:8:      layout_rooms, grunt_potential
D:9:      minmay_octagon_keep, layout_cave_pools, okawaru_metal_pillars_1_2,
          david_orc_3
D:10:     layout_irregular_city, lair_entry_dummy, nicolae_fort_ynox
D:11:     layout_loops_corners, bh_circular_ruins
D:12:     minmay_guarded_unrand_guard, layout_gridville
D:13:     erik_rubicon_b, layout_basic, grunt_vaults_entry_fortified,
          uniq_nessos, uniq_kirke
D:14:     minmay_tri_box, layout_irregular_city, serial_park_fountain,
          kennysheep_small_square
D:15:     hangedman_depths_entry_civil_slaughter, layout_rooms, serial_ice,
          serial_ice_o, serial_ice_d, serial_ice_e, serial_ice_c,
          nicolae_gozag_cash_rules_everything_around_me, uniq_louise
Lair:1:   layout_regular_city, chequers_serial_rivers_micro_c,
          infiniplex_staircase_pool_2, serial_bayou_shore_a, uniq_maggie,
          uniq_amaemon
Lair:2:   layout_chaotic_city, elwin_shoals_entry_stream, serial_bayou_ford_a,
          minivault_24, infiniplex_staircase_pool
Lair:3:   layout_regular_city, spider_nest_entry_webs, gauntlet_entry_generic,
          minmay_lair_oklob_bushes
Lair:4:   layout_roguey
Lair:5:   hellmonk_lair_end_abyssal_woods, layout_loops_ring, slime_entry_1,
          enter_volcano_4, roderic_batcave
Shoals:1: layout_shoals, serial_shops,
          nicolae_shop_temple_entry_statues_fountains
Shoals:2: layout_shoals, uniq_ilsuiw, uniq_jorgrun
Shoals:3: layout_shoals, uniq_roxanne
Shoals:4: shoals_end_hangedman, layout_shoals
Spider:1: layout_spider_delve
Spider:2: layout_spider_delve, einodemon_crawler_minivault,
          nicolae_spider_cling_halls
Spider:3: layout_spider_delve
Spider:4: grunt_spider_rune_circles, hangedman_stitches_earthworm, uniq_donald,
          uniq_mlioglotl
Slime:1:  nicolae_slime_jelly_donut, layout_caves
Slime:2:  layout_caves
Slime:3:  layout_caves
Slime:4:  layout_caves
Slime:5:  slime_pit_nicolae_amoeboid
Orc:1:    layout_diamond_mine, basic_altar, serial_shops, nicolae_shop_peninsula
Orc:2:    st_orc_pillars, layout_caves, serial_shops, nicolae_shop_waterfront,
          nicolae_orc_crystal_geode
Elf:1:    layout_geoelf_diagonals, minmay_elf_sorcery,
          serial_library_hellmonk_junction, minmay_checkered_concentric_circles,
          grunt_megastairs_5
Elf:2:    elven_hall_of_blades_hangedman_alternative
          [nicolae_blade_entry_sentries_behind_glass], layout_geoelf_octagon,
          serial_glass, glass_columns_c, glass_columns_a, minivault_19,
          minmay_shop_grove
Elf:3:    minmay_elf_hall, layout_onion_city, basic_altar, serial_shops, shop,
          uniq_asterion
Vaults:1: nicolae_vaults_alarming, nicolae_vaults_six-pack,
          nicolae_vaults_trapezoid_lopsided_2,
          nicolae_vaults_thirteen_compartments,
          nicolae_vaults_mini_display_case, ontoclasm_vaults_twist,
          nicolae_vaults_wine_cellar, vaults_mumra_minichess,
          nicolae_vaults_trapezoid_lopsided_2, nicolae_vaults_turnstiles,
          ontoclasm_vaults_loading_screen, hangedman_vaults_stretched_pinwheel,
          vaults_dpeg_doors, nicolae_vaults_rhombus_6, layout_vaults_ring,
          uniq_nikola
Vaults:2: v_pattern_3, vaults_dpeg_diagonal, v_alt_pattern_6,
          nicolae_vaults_storage_room_doors, hangedman_vaults_snaps,
          nicolae_vaults_tetromino_Z_1, nicolae_vaults_trapezoid_2,
          vaults_dpeg_emergency_exit, layout_vaults_big_room
Vaults:3: nicolae_vaults_little_squares_4, nicolae_vaults_what_the_h,
          nicolae_vaults_security_offices_3, minmay_crypt_entry_vampire_xt,
          v_misc_25, nicolae_vaults_yaktaur_gun_rack, vaults_mumra_chevron_long,
          nicolae_vaults_oval_intersection, hangedman_vaults_nodes,
          nicolae_vaults_meiosis, v_misc_17, nicolae_vaults_trapezoid_4,
          layout_vaults_maze_bifur, serial_shops, shop
Vaults:4: v_misc_16, vaults_dpeg_encased_lava, nicolae_vaults_house_3,
          nicolae_vaults_offset_grid_hallway_3, vaults_mumra_bighexcomb,
          nicolae_vaults_ellipses_ellipsis, v_misc_27,
          nicolae_vaults_diagonal_hallway_7, v_pattern_1, nicolae_vaults_theta,
          layout_vaults_omnigrid, serial_shops, shop
Crypt:1:  layout_misc_corridors, grunt_ministairs_3, uniq_margery,
          uniq_josephina, uniq_boris
Crypt:2:  layout_misc_corridors
Crypt:3:  grunt_crypt_end_deaths_head
Depths:1: layout_roguey, hell_entry, hangedman_decor_opposing,
          hellmonk_sif_muna_bookshelves, kennysheep_random_hallway
Depths:2: minmay_blocking_statues, layout_basic, rand_demon_pan_entry_9,
          hell_entry, kennysheep_flooded_box, zin_statuary
Depths:3: minmay_fractal_lines_corner, layout_basic, enter_ziggurat_b,
          abyss_entry_crystal, hell_entry
Depths:4: grunt_zot_entry_gee_three, layout_cave_shapes, hell_entry,
          nicolae_ru_awakened_eye, minmay_shoptagon
Zot:1:    layout_onion, regret_index_zotdec_plus
Zot:2:    layout_gridlike, zot_minivault_1, regret_index_zotdec_twisting_globes
Zot:3:    hangedman_snap_crack_crunch, layout_concentric_octagons
Zot:4:    layout_misc_corridors
Zot:5:    layout_misc_corridors, bh_zot_lava_cross, nicolae_shop_clearance

Skill      XL: |  1  2  3  4  5  6  7  8  9 10 11 12 13 14 15 16 17 18 19 20 21 22 23 24 25 26 27 |
---------------+----------------------------------------------------------------------------------+-----
Conjurations   | 1 2 |  2.0
Stealth        | 1 2 |  2.0
Axes           | 1 2 3 4 6 |  6.0
Fighting       | 3 4 5 7 10 11 12 14 15 | 15.5
Invocations    | 1 5 7 8 9 10 12 14 15 | 15.0
Dodging        | 4 6 |  6.0
Poison Magic   | 2 |  2.0
Spellcasting   | 3 4 5 |  5.0
Air Magic      | 6 7 8 9 |  9.0
Polearms       | 1 5 6 8 12 13 14 18 19 | 19.6
Evocations     | 4 5 6 8 11 12 | 12.0
Translocations | 3 5 9 12 13 14 | 14.0
Armour         | 6 10 11 12 13 14 15 16 17 18 19 | 19.4
Transmutations | 5 6 7 8 9 |  9.0
Shapeshifting  | 9 12 15 19 23 | 23.0
Throwing       | 6 |  6.0
Long Blades    | |  1.0

Action                     |  1- 3 |  4- 6 |  7- 9 | 10-12 | 13-15 | 16-18 | 19-21 | 22-24 | 25-27 || total
---------------------------+-------+-------+-------+-------+-------+-------+-------+-------+-------++-------
  Melee: Hand axe          |    17 |   102 |   243 |       |       |       |       |       |       ||   362
         Punch             |       |     2 |     2 |     8 |    11 |       |       |       |       ||    23
         Short sword       |       |       |    16 |       |       |       |       |       |       ||    16
         Trident           |       |       |    12 |   607 |  1171 |       |       |       |       ||  1790
         Glaive            |       |       |       |    10 |    96 |   808 |   792 |  1088 |  1839 ||  4633
  Throw: Dart              |       |       |       |     4 |     8 |     5 |       |       |       ||    17
         Javelin           |       |       |       |       |     1 |       |       |       |     4 ||     5
   Cast: Shock             |    44 |   128 |   117 |    92 |       |       |       |       |       ||   381
         Mephitic Cloud    |       |       |     2 |     4 |       |       |       |       |       ||     6
         Wereblood         |       |       |       |     2 |     2 |     9 |    34 |    26 |     1 ||    74
         Manifold Assault  |       |       |       |       |       |       |       |   119 |   341 ||   460
 Invoke: Draw Destruction  |       |       |    13 |    24 |    32 |     7 |    18 |    13 |    13 ||   120
         Draw Summoning    |       |       |     1 |     6 |    10 |    10 |     4 |     6 |     8 ||    45
         Draw Escape       |       |       |       |     1 |     3 |       |     1 |       |     2 ||     7
         Stack Five        |       |       |       |       |       |     2 |       |       |     1 ||     3
         Deal Four         |       |       |       |       |       |       |     1 |     1 |     1 ||     3
         Draw Stack        |       |       |       |       |       |       |       |     1 |     2 ||     3
         Triple Draw       |       |       |       |       |       |       |       |       |     1 ||     1
Ability: Siphon Essence    |       |       |       |       |       |       |       |       |     1 ||     1
  Evoke: Wand              |       |       |       |     8 |     8 |     4 |     1 |     3 |       ||    24
         Phial of floods   |       |       |       |       |       |     2 |     1 |     1 |       ||     4
         Phantom mirror    |       |       |       |       |       |     1 |     1 |     2 |       ||     4
         Condenser vane    |       |       |       |       |       |       |     1 |     1 |       ||     2
         Box of beasts     |       |       |       |       |       |       |       |     2 |     2 ||     4
    Use: Potion            |       |     1 |     3 |     3 |     2 |     1 |       |     4 |     4 ||    18
         Scroll            |       |     3 |     5 |    10 |    10 |     5 |     2 |     8 |     7 ||    50
   Stab: Sleeping          |       |       |     1 |       |       |       |       |       |       ||     1
         Confused          |       |       |       |     4 |       |       |       |       |       ||     4
         Petrified         |       |       |       |     3 |     8 |       |       |     5 |     1 ||    17
         Distracted        |       |       |       |     2 |     2 |    13 |    13 |    17 |    33 ||    80
         Invisible         |       |       |       |     2 |     2 |       |     1 |       |       ||     5
 Armour: Robe              |    15 |    76 |   192 |       |       |       |       |       |       ||   283
         Steam dragon scal |       |       |     8 |   190 |       |       |       |       |       ||   198
         Plate armour      |       |       |       |   405 |   933 |   648 |   670 |   608 |  1163 ||  4427
         Ring mail         |       |       |       |    43 |       |       |       |       |       ||    43
         Gold dragon scale |       |       |       |       |       |       |       |   102 |       ||   102
  Dodge: Dodged            |    16 |    71 |   182 |   302 |   315 |   360 |   294 |   303 |   393 ||  2236
   Form: Death             |       |       |       |       |       |       |       |       |     2 ||     2
                           |       |       |       |       |       |       |       |       |     1 ||     1

Table legend: (Time is in decaauts)
 A = Elapsed time spent in this place.
 B = Non-inter-level travel time spent in this place.
 C = Inter-level travel time spent in this place.
 D = Time resting spent in this place.
 E = Time spent auto-exploring this place.
 F = Levels seen in this place.
 G = Mean time per level.
                   A        B        C        D        E       F      G
               +--------+--------+--------+--------+--------+-----+--------+
         Total |  82241 |  72973 |   9268 |  21445 |  37112 |  60 | 1370.7 |
       Dungeon |  20636 |  17771 |   2865 |   4529 |   9788 |  15 | 1375.7 |
          Lair |   6784 |   5807 |    977 |   1302 |   3091 |   5 | 1356.8 |
        Shoals |   5027 |   4282 |    745 |    963 |   2297 |   4 | 1256.8 |
   Spider Nest |   4951 |   4311 |    640 |   1076 |   2367 |   4 | 1237.8 |
    Slime Pits |   2729 |   2584 |    145 |    997 |   1032 |   5 |  545.8 |
  Orcish Mines |   2971 |   2709 |    262 |   1010 |   1070 |   2 | 1485.5 |
   Elven Halls |   5386 |   5199 |    187 |   2343 |   2220 |   3 | 1795.3 |
        Vaults |   6109 |   5122 |    987 |    479 |   3490 |   4 | 1527.2 |
         Crypt |   4826 |   4663 |    163 |    900 |   2933 |   3 | 1608.7 |
        Depths |   8370 |   7086 |   1284 |   1957 |   3928 |   4 | 2092.5 |
           Zot |  12250 |  11241 |   1009 |   5328 |   4312 |   5 | 2450.0 |
         Abyss |    672 |    672 |      0 |     99 |     53 |   3 |  224.0 |
         Sewer |    690 |    690 |      0 |    222 |    284 |   1 |  690.0 |
       Volcano |    290 |    290 |      0 |     52 |     74 |   1 |  290.0 |
      Gauntlet |    543 |    543 |      0 |    183 |    170 |   1 |  543.0 |
               +--------+--------+--------+--------+--------+-----+--------+

Top non-repeatable levels by time:
   Zot:5: 3417 daAuts
   Elf:3: 3095 daAuts
Depths:3: 2944 daAuts
Depths:4: 2764 daAuts
   Zot:3: 2539 daAuts
    D:13: 2253 daAuts
   Zot:1: 2245 daAuts
 Crypt:3: 2237 daAuts
   Zot:4: 2114 daAuts
    D:10: 2110 daAuts
Spider:4: 1953 daAuts
  Lair:2: 1948 daAuts
   Zot:2: 1932 daAuts
Vaults:1: 1931 daAuts
     D:6: 1738 daAuts
